AoeStats
← WinterFox

Nomad

510637439Analyzed
2v2 RM · 1d ago on Oct 1, 2026· 40m 57s· 4 players
Game mode
Random Map
Map size
176×176
Population
200
Speed
Normal
Resources
Standard
Victory
Conquest
Starting age
Dark Age
Ending age
Imperial Age
RankedLock teamsTeams togetherTeam positionsShared explorationLock speedFull tech treeHidden civsTurbo modeCheats
Victory
Defeat
🇦🇷 Bohemians · Argentina
832
+12
🇲🇽 Slavs · Mexico
791
+15
🇩🇰 Vietnamese · Denmark
757
-23
🇵🇹 Portuguese · Portugal
744
-13
WinterFox
13:27 Loom
15:41 Feudal Age
16:51 Double-Bit Axe
17:52 Wheelbarrow
22:51 Castle Age
21:10 Horse Collar
22:54 Wheelbarrow
23:34 Heavy Plow
23:57 Town Watch
24:31 Hand Cart
29:51 Husbandry
30:02 Bloodlines
29:15 Crossbowman
30:01 Thumb Ring
30:00 Padded Archer Armor
30:25 Elite Skirmisher
30:58 Town Watch
31:19 Stone Mining
32:00 Bow Saw
31:51 Fishing Lines
37:54 Pikeman
dvdsnts13
3:10 Loom
15:34 Feudal Age
17:10 Wheelbarrow
16:20 Town Watch
16:18 Horse Collar
16:33 Gold Mining
16:34 Stone Mining
16:32 Double-Bit Axe
22:44 Castle Age
23:42 Hand Cart
24:54 Town Patrol
25:14 Heavy Plow
25:28 Bow Saw
34:30 Imperial Age
41:41 Chemistry
41:02 Ballistics
40:48 Siege Engineers
KcoasRaulMx
5:35 Loom
16:50 Feudal Age
18:37 Double-Bit Axe
18:34 Horse Collar
19:28 Gold Mining
23:33 Castle Age
25:04 Bow Saw
25:43 Town Watch
26:32 Heavy Plow
26:01 Pikeman
27:45 Stone Mining
28:30 Squires
29:53 Wheelbarrow
30:28 Sanctity
31:37 Husbandry
32:32 Gold Shaft Mining
33:47 Devotion
35:14 Forging
35:04 Scale Mail Armor
36:52 Iron Casting
40:49 Imperial Age
39:01 Light Cavalry
39:51 Bloodlines
39:59 Chain Mail Armor
41:18 Scale Barding Armor
41:54 Conscription
ScenicSign7360
14:59 Feudal Age
15:25 Double-Bit Axe
22:20 Castle Age
21:21 Horse Collar
22:44 Wheelbarrow
22:07 Fishing Lines
23:24 Heavy Plow
23:37 Bow Saw
26:52 Hand Cart
32:40 Gillnets
36:46 Imperial Age
34:42 Ballistics
35:11 Wagenburg Tactics
35:49 Pikeman
36:30 Squires
37:52 Halberdier
40:39 Two-Man Saw
Connection lost

Rejoining the realm…

Still unreachable

The connection could not be restored.

Session expired

The server has moved on; the page needs a fresh start.